cohdb
Replays
Latest Replays
All Replays
Popular Replays
Top Player Replays
Match Explorer
How It Works
Community
CoH3 Stats
Reddit
Sign in to upload your games and track your stats! →
Sign in with Steam
Match 38791912
Unlisted
Match 38791912
Overview
Messages
Build Orders
End
Panzergrenadier Squad
Selects Battlefield Espionage Battlegroup
250 Light Carrier
Panzergrenadier Squad
Construct Light Support Kompanie
Selects Intel Disruption Beacon
MG34 Team
Fire Support Elements
Selects 250/3 Funkpanzerwagen
Pak 38 Mechanized Group
Veteran Squad Leaders
Flakvierling Half-track
2.5-tonne Medical Truck
AI Takeover
이공수
Vadice
Kernstorm
baydounkhalil1
NewPeopleArmy
Mark29
qrter
PurePinoy
0
0
Comments
sign in to comment!
No comments posted yet!